 Dungeon Crawl Stone Soup version 0.30.0-18-gc0e69614cb (webtiles) character file.

Game seed: 17481248098535690903

70 RascalDebosk the Magician (level 4, -2/31 HPs)
             Began as a Djinni Summoner on May 24, 2023.
             Splashed by a jelly's acid (4 damage)
             ... on level 3 of the Dungeon.
             The game lasted 00:15:15 (1711 turns).

RascalDebosk the Magician (Djinni Summoner)         Turns: 1711, Time: 00:15:15

Health: -2/31      AC: -4    Str:  7    XL:     4   Next: 45%
Gold:   152        EV:  9    Int: 18    God:
                   SH:  0    Dex: 14

rFire   + + .        s - +0 dagger
rCold   x . .        (no shield)
rNeg    . . .        a - +0 robe
rPois   ∞            m - +0 helmet
rElec   .            r - +0 cloak
rCorr   .            (no gloves)
SInv    +            (boots unavailable)
Will    .....        (no amulet)
Stlth   ++           i - ring of see invisible
HPRegen 0.25/turn    (no ring)
MPRegen 0.00/turn

%: infuse magic (-3 HP)
@: corroded, flying, constricted
A: sickness immunity, fire resistance 2, cold vulnerability 1, float, innate
caster, HP casting, extra vitality 1
a: no special abilities


You were on level 3 of the Dungeon.
You visited 1 branch of the dungeon, and saw 3 of its levels.

You collected 152 gold pieces.

Inventory:

Hand Weapons
 s - a +0 dagger (weapon)
Armour
 a - a +0 robe (worn)
 m - a +0 helmet (worn)
 r - a +0 cloak (worn)
Jewellery
 i - a ring of see invisible (left hand)
 j - a ring of ice
 p - an amulet of faith
Scrolls
 f - a scroll of teleportation {unknown}
 h - a scroll of butterflies {unknown}
 l - a scroll of identify {unknown}
 n - a scroll of torment {unknown}
 q - a scroll of poison {unknown}
Potions
 b - a potion of attraction {unknown}
 c - a potion of magic {unknown}
 d - a potion of resistance {unknown}
 e - 2 potions of lignification {unknown}
 g - 2 potions of flight {unknown}
 k - a potion of might {unknown}
 o - a potion of degeneration {unknown}


   Skills:
 - Level 2.1 Dodging
 - Level 1.5 Stealth
 * Level 4.4 Spellcasting


You knew the following spells:

 Your Spells              Type           Power      Damage    Failure   Level
a - Summon Small Mammal   Summ           80%        N/A       2%          1
b - Call Imp              Summ           40%        N/A       3%          2
c - Call Canine Familiar  Summ           20%        N/A       7%          3
d - Summon Guardian Gole  Hex/Summ       20%        N/A       7%          3
e - Summon Lightning Spi  Summ/Air       20%        N/A       22%         4
f - Necrotise             Necr           80%        1d8       2%          1
Your spell library was empty.

Dungeon Overview and Level Annotations

Branches:
Dungeon (3/15)

Altars:
Dithmenos


Innate Abilities, Weirdness & Mutations

You are immune to sickness and miasma.
You are immune to poison.
Your flesh is very heat resistant. (rF++)
You are vulnerable to cold. (rC-)
You float through the air rather than walking.
You learn spells naturally, not from books.
Your magical power is your life essence.
You have superior vitality. (+4 MHP)


Message History

Found a stone.
Your hound bites the adder.
Your hound completely misses the adder.
There is a stone staircase leading up here.
Casting: Summon Lightning Spire (extremely dangerous; 24% risk of failure)
Confirm with . or Enter, or press ? or * to list all spells.
A tiny devil pulls itself out of the air.
Your cerulean imp says, "Let's raise mayhem!"
Your hound bites the adder but does no damage.
The adder bites you. The adder attacks as you move away! The adder bites you.
Your hound bites the adder.
The adder bites your hound.
Your hound is poisoned.
The adder poisons your hound!
Your hound bites the adder.
The adder dies!
You swap places.
There is a stone staircase leading up here.
Things that are here:
a +0 short sword; a stone; a +0 hand axe Your hound looks more healthy.
Your hound disappears in a puff of smoke!
Your cerulean imp disappears in a puff of smoke!
Found a stone staircase leading down.
You now have 152 gold pieces (gained 15).
A jelly comes into view.
The jelly quivers.
A kobold and a ball python come into view.
Found 9 gold pieces and a silver wand.
Found a shadowy altar of Dithmenos.
The kobold shouts!
The ball python hisses angrily.
Casting: Call Imp (safe; 3% risk of failure)
Confirm with . or Enter, or press ? or * to list all spells.
The spell is quite dangerous to miscast (7% risk of failure)!
Continue anyway?
The kobold throws a stone.
The stone barely misses your hound. The stone closely misses you.
Casting: Call Canine Familiar (quite dangerous; 7% risk of failure)
Confirm with . or Enter, or press ? or * to list all spells.
The spell is extremely dangerous to miscast (22% risk of failure)!
Continue anyway?
An electric hum fills the air.
Your hound barely misses the kobold.
Something misses your hound. Something grabs your hound.
Your hound is constricted.
The kobold barely misses your hound.
Your hound closely misses the kobold.
The ball python bites your hound but does no damage.
The ball python constricts your hound.
The kobold hits your hound with a +0 whip.
Your hound barely misses the kobold.
The ball python bites your hound but does no damage.
The ball python constricts your hound.
Your hound barely misses the ball python.
The kobold throws a stone.
The stone barely misses your hound. The stone barely misses you.
Your hound bites the ball python.
The ball python bites your hound. The ball python constricts your hound.
The kobold hits your hound with a +0 whip.
Your hound closely misses the kobold.
The ball python barely misses your hound.
The ball python constricts your hound.
Your hound bites the kobold.
The kobold hits your hound with a +0 whip.
Your hound dies!
Your hound's corpse disappears in a puff of smoke!
You hit the jelly.
Your hands burn!
The jelly is lightly wounded.
The jelly misses you.
You hit the jelly.
Your hands burn!
The jelly is moderately wounded.
Your lightning spire shoots out a bolt of lightning at the kobold!
The bolt of electricity hits the kobold.
The kobold dies!
The jelly barely misses you.
You hit the jelly but do no damage.
Your hands burn!
The jelly is moderately wounded.
The ball python closely misses you. x2; The jelly hits you but does no damage.
You hit the jelly. The acid corrodes you!
Your hands burn!
The jelly is heavily wounded.
The ball python barely misses you. The ball python grabs you.
The ball python constricts you. The jelly closely misses you.
You hit the jelly but do no damage.
Your hands burn!
The jelly is heavily wounded.
The ball python bites you.
* * * LOW HITPOINT WARNING * * *
The ball python constricts you.
* * * LOW HITPOINT WARNING * * *
The ball python closely misses you. The ball python constricts you.
* * * LOW HITPOINT WARNING * * *
The jelly hits you.
* * * LOW HITPOINT WARNING * * *
You are splashed with acid.
* * * LOW HITPOINT WARNING * * *
You hit the jelly. The acid corrodes you!
Your hands burn!
* * * LOW HITPOINT WARNING * * *
The jelly is heavily wounded.
The ball python bites you.
* * * LOW HITPOINT WARNING * * *
The ball python constricts you.
* * * LOW HITPOINT WARNING * * *
Your lightning spire shoots out a bolt of lightning at the jelly!
The bolt of electricity hits the jelly!
The bolt of electricity misses the ball python.
The jelly hits your lightning spire but does no damage.
You hit the jelly but do no damage.
Your hands burn!
You die...

.###.#.#...#..#.##.###.#.#.
.'...#.########.##.........
.#####.. #...##.....~≈~~~.~
.# ### .....#####.~≈≈≈~.~
.# .../..#.##.~~≈≈~.~ .#
#$_.#.#....~~~~~.~ .#
##.##.)..#.......~ .#
.###..SJ8#.~~≈~... ##
.......@##.~≈≈≈.~~
.....#..##.≈≈≈~.~~
...###..##.≈≈≈~.~≈ ..
...##.J~~≈.~≈ .
#...##........ #...# #...#
#...#


You could see a jelly (ally target), a ball python and a friendly lightning
spire (summoned).

Vanquished Creatures
  2 giant cockroaches (D:2)
  A goblin (D:2)
  2 jackals (D:2)
  A kobold (D:2)
6 creatures vanquished.

Vanquished Creatures (collateral kills)
  3 adders
  An orc (D:3)
  4 ball pythons
  5 bats
  2 endoplasms
  A giant cockroach (D:1)
  2 goblins
  A hobgoblin (D:2)
  5 jackals
  A frilled lizard (D:1)
  3 kobolds
  5 rats
33 creatures vanquished.

Grand Total: 39 creatures vanquished

Notes
Turn   | Place    | Note
-------+----------+-------------------------------------------
     0 | D:1      | RascalDebosk the Djinni Summoner began the quest for the
                  | Orb.
     0 | D:1      | RascalDebosk set off with the following spells memorised:
                  | Summon Small Mammal, Call Imp, Call Canine Familiar, Summon
                  | Guardian Golem, Summon Lightning Spire.
     0 | D:1      | Reached XP level 1. HP: 15/15 MP: 0/0
   271 | D:1      | Reached XP level 2. HP: 17/21 MP: 0/0
   830 | D:2      | Reached skill level 4 in Spellcasting
   830 | D:2      | Reached XP level 3. HP: 25/25 MP: 0/0
   830 | D:2      | Learned a level 1 spell: Necrotise
  1084 | D:2      | Reached XP level 4. HP: 28/31 MP: 0/0
  1698 | D:3      | Found a shadowy altar of Dithmenos.
  1711 | D:3      | Splashed by a jelly's acid

Illustrated notes

Levels and vault maps discovered:
D:1:      kilobyte_arrival_exit_the_forest, layout_rooms
D:2:      minmay_skewed_foursquare, layout_basic
D:3:      wander_river, layout_basic, nicolae_dithmenos_through_a_glass_darkly,
          mainiacjoe_overflow_24_doors, nicolae_qazlal_general_emergency,
          minivault_14, uniq_ijyb

Skill      XL: |  1  2 |
---------------+-------+-----
Spellcasting   | 4 |  4.4
Dodging        | |  2.1
Stealth        | |  1.5

Action                     |  1- 3 |  4- 6 || total
---------------------------+-------+-------++-------
  Melee: Dagger            |    21 |    31 ||    52
   Cast: Summon Small Mamm |    54 |     2 ||    56
         Call Imp          |     5 |     2 ||     7
         Call Canine Famil |     2 |     3 ||     5
         Summon Lightning  |       |     5 ||     5
   Stab: Sleeping          |     1 |     1 ||     2
 Armour: Robe              |    16 |     5 ||    21
  Dodge: Dodged            |    34 |    25 ||    59
